 Dungeon Crawl Stone Soup version 0.28.0-53-g5a82cb258f (webtiles) character file.

Game seed: 16291939901735017780

11 Descartes the Grasshopper (level 2, 0/22 HPs)
             Began as a Formicid Warper on Aug 13, 2022.
             Succumbed to an adder's poison
             ... on level 2 of the Dungeon.
             The game lasted 00:01:53 (1260 turns).

Descartes the Grasshopper (Formicid Warper)         Turns: 1260, Time: 00:01:54

Health: 0/22       AC:  3    Str: 15    XL:     2   Next: 35%
Magic:  5/5        EV: 11    Int: 12    God:
Gold:   33         SH:  0    Dex: 10    Spells: 5/5 levels left

rFire   . . .      SeeInvis +   a - +0 mace
rCold   . . .      Faith    .   (no shield)
rNeg    . . .      Spirit   .   b - +0 leather armour
rPois   .          Reflect  .   (helmet unavailable)
rElec   .          Harm     .   (no cloak)
rCorr   .          Rampage  .   (no gloves)
Will    .....                   (no boots)
Stlth   +.........              (no amulet)
HPRegen 0.07/turn               (no ring)
MPRegen 0.09/turn               (no ring)

@: lethally poisoned (0 -> -5)
A: permanent stasis, dig shafts and tunnels, antennae 3, four strong arms
a: Dig, Shaft Self


You were on level 2 of the Dungeon.
You visited 1 branch of the dungeon, and saw 2 of its levels.

You collected 33 gold pieces.

Inventory:

Hand Weapons
 a - a +0 mace (weapon)
Missiles
 c - 5 boomerangs of dispersal (quivered)
 d - 43 stones
 f - 2 poisoned darts
Armour
 b - a +0 leather armour (worn)
Scrolls
 e - a scroll of amnesia {unknown}
 g - a scroll of identify {unknown}


   Skills:
 + Level 2.2 Fighting
 + Level 0.3(1.3) Axes
 * Level 2.0 Maces & Flails
 + Level 0.3(0.4) Polearms
 + Level 1.1 Throwing
 * Level 1.1 Armour
 - Level 1.7 Dodging
 * Level 0.1 Shields
 + Level 2.2 Spellcasting
 + Level 0.2 Conjurations
 + Level 0.4 Hexes
 + Level 2.7 Translocations
 + Level 0.1 Earth Magic
 + Level 0.1 Poison Magic
 + Level 0.2 Evocations


You had 5 spell levels left.
You didn't know any spells.
Your spell library contained the following spells:

 Spells                   Type           Power      Damage    Failure   Level
 Gell's Gravitas          Tloc           7%         N/A       32%         3
 Lesser Beckoning         Tloc           7%         N/A       32%         3
 Teleport Other           Tloc           7%         N/A       32%         3
 Manifold Assault         Tloc           7%         N/A       96%         5
 Blink                    Tloc           Unusable   N/A       N/A         2

Dungeon Overview and Level Annotations

Branches:
Dungeon (2/15)

Altars:


Innate Abilities, Weirdness & Mutations

You cannot be hasted, slowed, berserked, paralysed or teleported.
You can dig through walls and to a lower floor.
You have a pair of large antennae on your head. (SInv)
Your four strong arms can wield two-handed weapons with a shield.


Message History

There is a stone staircase leading down here.
Unknown command.
You climb downwards.
Found a scroll labelled JAZISE TEYVUSK.
Found a stone staircase leading up.
There is a stone staircase leading up here.
An adder is nearby!
The adder bites you but does no damage.
You closely miss the adder. The adder bites you.
You are poisoned.
The adder poisons you! The adder misses you.
You closely miss the adder.
You feel sick. The adder bites you.
You are more poisoned.
The adder poisons you!
You closely miss the adder.
You feel very sick. The adder closely misses you. The adder barely misses you.
You miss the adder.
You feel sick. The adder bites you. The adder bites you but does no damage.
You are too injured to fight recklessly!
You are too injured to fight recklessly!
You are too injured to fight recklessly!
You are too injured to fight recklessly!
You are too injured to fight recklessly!
You are too injured to fight recklessly!
You are too injured to fight recklessly!
You are too injured to fight recklessly!
You are too injured to fight recklessly!
You are too injured to fight recklessly!
You are too injured to fight recklessly!
You are too injured to fight recklessly!
You are too injured to fight recklessly!
You are too injured to fight recklessly!
You are too injured to fight recklessly!
You miss the adder.
* * * LOW HITPOINT WARNING * * *
You feel sick. The adder bites you.
* * * LOW HITPOINT WARNING * * *
You sock the adder! Your punch misses the adder.
The adder is severely wounded.
You die...

######
#....#
#....#
#<...#
#.@..#
#..S?#
#....#
#....#
#<####
..#
.## .#


You could see an adder.

Vanquished Creatures
  An endoplasm (D:1)
  A giant cockroach (D:1)
  A goblin (D:1)
  2 hobgoblins (D:1)
  A kobold (D:1)
  A quokka (D:1)
  A bat (D:1)
  A frilled lizard (D:1)
9 creatures vanquished.

Notes
Turn   | Place    | Note
-------+----------+-------------------------------------------
     0 | D:1      | Descartes the Formicid Warper began the quest for the Orb.
     0 | D:1      | Reached XP level 1. HP: 16/16 MP: 3/3
   755 | D:1      | Reached XP level 2. HP: 22/22 MP: 5/5
  1260 | D:2      | Succumbed to an adder's poison

Illustrated notes

Levels and vault maps discovered:
D:1:      minmay_arrival_shattered_statue, layout_loops_cross
D:2:      minmay_recursive_quarters, layout_rooms, basic_altar, minmay_tripent

Action                   || total
-------------------------++-------
Melee: Mace              ||    58
Armor: Leather armour    ||    20
Dodge: Dodged            ||    36
